 Dungeon Crawl Stone Soup version 0.31.0-9-g3a7656b989 (webtiles) character file.

Game seed: 8816870329813065970

592 qw the Shooter (level 6, 0/51 HPs)
             Began as a Demigod Hunter on Feb 2, 2024.
             Slain by a gnoll
             ... wielding a +0 spear
             ... led by a gnoll bouda
              (3 damage)
             ... on level 5 of the Dungeon.
             The game lasted 00:00:17 (3376 turns).

qw the Shooter (Demigod Hunter)                     Turns: 3376, Time: 00:00:17

Health: 0/51       AC: 10    Str: 12    XL:     6   Next: 94%
Magic:  8/8        EV: 13    Int: 11    God:
Gold:   267        SH:  0    Dex: 25    Spells: 5/5 levels left

rFire   . . .        a - +0 shortbow
rCold   . . .        (shield currently unavailable)
rNeg    . . .        b - +0 ring mail
rPois   .            q - +0 helmet
rElec   .            (no cloak)
rCorr   .            c - +2 pair of gloves
SInv    .            o - +0 pair of boots
Will    +....        (no amulet)
Stlth   ++           r - ring of willpower
HPRegen 0.28/turn    (no ring)
MPRegen 0.11/turn

%: no passive effects
@: no status effects
A: high MP 1, forlorn, divine attributes
a: no special abilities


You were on level 5 of the Dungeon.
You visited 1 branch of the dungeon, and saw 5 of its levels.
You also visited: Sewer.

You collected 267 gold pieces.


Innate Abilities, Weirdness & Mutations

You have an increased reservoir of magic. (+10% MP)
You shall have no god before yourself.
Your divine heritage dramatically boosts your attributes as you level up.


   Skills:
 - Level 3.0 Fighting
 + Level 6.5 Ranged Weapons
 - Level 1.1 Armour
 - Level 3.7 Dodging
 - Level 0.8 Stealth


You had 5 spell levels left.
You didn't know any spells.
Your spell library was empty.

Inventory:

Hand Weapons
 a - a +0 shortbow (weapon)
Armour
 b - a +0 ring mail (worn)
 c - a +2 pair of gloves (worn)
 o - a +0 pair of boots (worn)
 q - a +0 helmet (worn)
Jewellery
 r - a ring of willpower (left hand)
Wands
 g - a wand of quicksilver (8)
Potions
 d - a potion of mutation
 e - 4 potions of curing
 j - a potion of might
 k - a potion of brilliance {unknown}
 l - a potion of attraction {unknown}
 m - a potion of enlightenment {unknown}
 n - a potion of cancellation {unknown}

Dungeon Overview and Level Annotations

Branches:
Dungeon (5/15)              Sewer (visited)
 Temple: D:4-7

Annotations:
D:1 2 runed translucent doors
D:4 1 runed translucent door, Crazy Yiuf


Message History

You shoot an arrow. The arrow hits the gnoll!
The gnoll is almost dead.
The gnoll hits you from afar with a +0 spear.
The gnoll barely misses you. The gnoll hits you but does no damage.
You shoot an arrow. The arrow closely misses the gnoll.
The arrow hits the iguana.
The iguana is moderately wounded.
The gnoll hits you with a +0 flail!
The gnoll hits you from afar with a +0 spear.
3368 ||| DRINKING potion of heal wounds.
You feel much better. The gnoll hits you with a +0 flail.
The gnoll barely misses you.
You shoot an arrow. The arrow hits the gnoll.
You kill the gnoll!
The gnoll hits you from afar with a +0 spear.
You shoot an arrow. The arrow hits the iguana!
The iguana is severely wounded.
The iguana barely misses you.
The gnoll hits you from afar with a +0 spear.
The iguana bites you but does no damage.
You shoot an arrow.
The arrow hits the iguana but does no damage.
The iguana is severely wounded.
The gnoll closely misses you. The iguana bites you!
You shoot an arrow.
The arrow hits the iguana but does no damage.
The iguana is severely wounded.
The gnoll barely misses you. The iguana bites you!
The gnoll closely misses you.
You shoot an arrow. The arrow hits the iguana!
You kill the iguana!
The gnoll hits you from afar with a +0 spear.
You shoot an arrow. The arrow barely misses the gnoll.
The gnoll hits you but does no damage.
You shoot an arrow. The arrow hits the gnoll.
The gnoll is lightly wounded.
The gnoll hits you from afar with a +0 spear.
You shoot an arrow. The arrow hits the gnoll.
The gnoll is heavily wounded.
The gnoll hits you from afar with a +0 spear.
You die...

#.# ######### #g# ......%.#
#.# .######.# #|######### #.#
# #.......... ####.##
#####.##.#......##### ##...<..
......#...h...................
...........####..........####.
..........)%)@..# ##### #.
###.#......g###.# #.
............# # #.
#...........# #. #...........#
#. #..#.......## #.
....##.....## #. ... .....##
#. ...#... #.


You could see a gnoll.

Vanquished Creatures
  An ice beast (D:5)
  A phantom (D:4)
  A howler monkey (D:5)
  A jelly (D:4)
  A gnoll bouda (D:5)
  A sleepcap (D:4)
  An iguana (D:5)
  A hell rat (Sewer)
  Robin (D:4)
  5 adders
  4 gnolls (D:5)
  2 river rats (Sewer)
  2 ufetubi (D:5)
  3 dart slugs
  3 ribbon worms
  4 bats
  5 endoplasms
  8 giant cockroaches
  17 goblins
  11 hobgoblins
  5 jackals
  11 quokkas
  11 ball pythons
  6 frilled lizards
  6 kobolds
  13 rats
125 creatures vanquished.

Notes
Turn   | Place    | Note
-------+----------+-------------------------------------------
     0 | D:1      | qw the Demigod Hunter began the quest for the Orb.
     0 | D:1      | Reached XP level 1. HP: 17/17 MP: 3/3
     0 | D:1      | 0 ||| qw: Version: 0.3-a-155-g5e7d8dd
     0 | D:1      | 0 ||| qw: Game counter: 488
     0 | D:1      | 0 ||| qw: Melee chars always use a shield: true
     0 | D:1      | 0 ||| qw: God list: Okawaru
     0 | D:1      | 0 ||| qw: Allow faded altars: false
     0 | D:1      | 0 ||| qw: Do Orc after clearing Dungeon:15 true
     0 | D:1      | 0 ||| qw: Do second Lair branch before Depths: true
     0 | D:1      | 0 ||| qw: Lair rune preference: random
     0 | D:1      | 0 ||| qw: Goals: Normal
     0 | D:1      | 0 ||| PLANNING D:1-11
    29 | D:1      | HP: 4/17 [jackal (3)]
   120 | D:1      | Reached skill level 4 in Ranged Weapons
   141 | D:1      | Reached XP level 2. HP: 24/24 MP: 4/4
   146 | D:1      | Found a large runed translucent door.
   146 | D:1      | Found a large runed translucent door.
   604 | D:1      | Reached XP level 3. HP: 29/29 MP: 5/5
   878 | D:1      | 878 ||| READING scroll labelled NOTWIAKLUO.
   979 | D:1      | 979 ||| READING scroll labelled MEMAIM UGHEF.
   979 | D:1      | 979 ||| IDENTIFYING scroll labelled YSIGODA PYOTS
   980 | D:1      | 980 ||| DROPPING scroll of butterflies.
  1036 | D:2      | 1036 ||| STAIRDANCE
  1056 | D:2      | 1056 ||| STAIRDANCE
  1069 | D:2      | 1069 ||| STAIRDANCE
  1081 | D:2      | 1081 ||| STAIRDANCE
  1510 | D:2      | Reached skill level 5 in Ranged Weapons
  1611 | D:2      | 1611 ||| UPGRADING to +0 ring mail.
  1621 | D:2      | 1621 ||| DROPPING +0 leather armour.
  1622 | D:2      | 1622 ||| READING scroll of identify.
  1622 | D:2      | 1622 ||| IDENTIFYING scroll labelled SICWIH ZEIKKO
  1623 | D:2      | 1623 ||| DROPPING scroll of fear.
  1629 | D:3      | 1629 ||| PLANNING SEWER
  1702 | D:3      | Reached XP level 4. HP: 36/36 MP: 6/6
  1706 | D:3      | Found a glowing drain.
  1727 | D:3      | 1727 ||| UPGRADING to +2 pair of gloves.
  1749 | Sewer    | Entered a sewer
  1756 | Sewer    | Reached skill level 1 in Armour
  1910 | Sewer    | 1910 ||| READING scroll labelled IFEUTHR OQOEQI.
  1911 | Sewer    | 1911 ||| DRINKING 4 ruby potions.
  1922 | D:3      | 1922 ||| PLANNING D:1-11
  2237 | D:3      | Reached XP level 5. HP: 41/41 MP: 7/7
  2351 | D:3      | 2351 ||| DRINKING 2 green potions.
  2489 | D:4      | 2489 ||| READING 2 scrolls of teleportation.
  2514 | D:4      | 2514 ||| READING scroll of teleportation.
  2516 | D:4      | Reached skill level 6 in Ranged Weapons
  2682 | D:4      | Reached skill level 3 in Fighting
  2759 | D:4      | Found a runed translucent door.
  2760 | D:4      | Noticed Crazy Yiuf
  2921 | D:4      | Noticed Robin
  2928 | D:4      | Killed Robin
  2929 | D:4      | Reached XP level 6. HP: 51/51 MP: 8/8
  3231 | D:4      | 3231 ||| UPGRADING to +0 pair of boots.
  3236 | D:4      | 3236 ||| UPGRADING to +0 helmet.
  3241 | D:4      | 3241 ||| UPGRADING to ring of willpower.
  3242 | D:4      | 3242 ||| READING 3 scrolls of identify.
  3242 | D:4      | 3242 ||| IDENTIFYING viscous clear potion
  3243 | D:4      | 3243 ||| READING 2 scrolls of identify.
  3243 | D:4      | 3243 ||| IDENTIFYING smoky blue potion
  3244 | D:4      | 3244 ||| READING scroll of identify.
  3244 | D:4      | 3244 ||| IDENTIFYING puce potion
  3245 | D:4      | 3245 ||| READING scroll labelled ORUPTO DEEN.
  3246 | D:4      | 3246 ||| DROPPING potion of lignification.
  3283 | D:5      | Entered Level 5 of the Dungeon
  3328 | D:5      | 3328 ||| RETREEEEATING.
  3329 | D:5      | 3329 ||| RETREEEEATING.
  3330 | D:5      | 3330 ||| RETREEEEATING.
  3331 | D:5      | 3331 ||| RETREEEEATING.
  3332 | D:5      | 3332 ||| RETREEEEATING.
  3333 | D:5      | 3333 ||| RETREEEEATING.
  3334 | D:5      | 3334 ||| RETREEEEATING.
  3335 | D:5      | 3335 ||| ZAPPING wand of quicksilver (12) at -1,0 (ice
                  | beast; floor).
  3336 | D:5      | 3336 ||| ZAPPING wand of quicksilver (11) at -1,0 (ice
                  | beast; floor).
  3337 | D:5      | 3337 ||| ZAPPING wand of quicksilver (10) at -1,0 (ice
                  | beast; floor).
  3338 | D:5      | 3338 ||| ZAPPING wand of quicksilver (9) at -1,0 (ice
                  | beast; floor).
  3339 | D:5      | Reached skill level 3 in Dodging
  3367 | D:5      | HP: 8/51 [gnoll/+0 flail[a gnoll bouda] (7)]
  3368 | D:5      | 3368 ||| DRINKING potion of heal wounds.
  3372 | D:5      | HP: 9/51 [iguana (8)]
  3375 | D:5      | HP: 3/51 [gnoll/+0 spear[a gnoll bouda] (4)]
  3376 | D:5      | Slain by a gnoll

Levels and vault maps discovered:
D:1:      erik_arrival_cave_to_civilisation [erik_arrival_cave_to_temple],
          layout_loops_ring
D:2:      wad_crossroads, layout_rooms
D:3:      layout_basic, grunt_temple_overflow_magic_moments,
          gup_sewer_entry_pipe
D:4:      layout_loops_ring, minmay_between, uniq_robin, uniq_crazy_yiuf_cottage
D:5:      layout_loops_ring, mainiacjoe_overflow_concentric_impassable,
          nicolae_shop_sticking_my_neck_out

Skill      XL: |  1  2  3  4  5  6 |
---------------+-------------------+-----
Ranged Weapons | 4 5 6 |  6.5
Fighting       | 2 3 |  3.0
Dodging        | 2 3 |  3.7
Armour         | 1 |  1.1
Stealth        | |  0.8

Action                     |  1- 3 |  4- 6 || total
---------------------------+-------+-------++-------
   Fire: Shortbow          |   209 |   197 ||   406
  Evoke: Wand              |       |     4 ||     4
    Use: Scroll            |     3 |     7 ||    10
         Potion            |       |     3 ||     3
 Armour: Leather armour    |    57 |       ||    57
         Ring mail         |       |   109 ||   109
  Dodge: Dodged            |    56 |    78 ||   134

Table legend:
 A = Non-vault XP
 B = Vault XP
 C = Vault XP percentage of total XP
 D = Non-vault monster count
 E = Vault monster count
 F = Vault count percentage of total count
                 A         B        C        D         E       F
            +---------+---------+-------+---------+---------+-------
      Total |     703 |     144 |  17.0 |      88 |      37 |  29.6
            +---------+---------+-------+---------+---------+-------
        D:1 |      57 |       3 |   5.0 |      31 |       2 |   6.1
        D:2 |      37 |       9 |  19.6 |      22 |       4 |  15.4
        D:3 |      50 |      14 |  21.9 |      14 |       7 |  33.3
        D:4 |     204 |      53 |  20.6 |       9 |      15 |  62.5
        D:5 |     355 |       0 |   0.0 |      12 |       0 |   0.0
      Sewer |       0 |      65 | 100.0 |       0 |       9 | 100.0
            +---------+---------+-------+---------+---------+-------
